 Seeded DCSS version 0.31.0-12-g77e489cdc1 (webtiles) character file.

Game seed: 8421772382647293069 (custom seed)

81 n00bmints the Chopper (level 4, -5/41 HPs)
             Began as a Minotaur Berserker on Feb 17, 2024.
             Was a Follower of Trog.
             Slain by a gnoll
             ... wielding a +0 spear
              (9 damage)
             ... on level 2 of the Dungeon.
             The game lasted 00:04:53 (1154 turns).

n00bmints the Chopper (Minotaur Berserker)          Turns: 1154, Time: 00:04:54

Health: -5/41      AC:  2    Str: 24    XL:     4   Next: 20%
Magic:  3/3        EV: 12    Int:  4    God:    Trog [*.....]
Gold:   56         SH:  0    Dex:  9    Spells: 3/3 levels left

rFire   . . .        a - +0 hand axe
rCold   . . .        (no shield)
rNeg    . . .        b - +0 animal skin
rPois   .            (helmet restricted)
rElec   .            (no cloak)
rCorr   .            (no gloves)
SInv    .            (no boots)
Will    .....        (no amulet)
Stlth   +            (no ring)
HPRegen 0.26/turn    (no ring)
MPRegen 0.08/turn

%: no passive effects
@: on berserk cooldown, slowed, very slow
A: horns 2, retaliatory headbutt
a: Renounce Religion, Berserk


You were on level 2 of the Dungeon.
You worshipped Trog.
Trog was aware of your devotion.
You visited 1 branch of the dungeon, and saw 2 of its levels.

You collected 56 gold pieces.

Inventory:

Hand Weapons
 a - a +0 hand axe (weapon)
Armour
 b - a +0 animal skin (worn)
Scrolls
 d - a scroll of enchant weapon {unknown}
 e - a scroll of summoning {unknown}
 g - 2 scrolls of teleportation {unknown}
 h - a scroll of identify {unknown}
 i - a scroll of torment {unknown}
 j - a scroll of poison {unknown}
Potions
 c - a potion of enlightenment {unknown}
 f - a potion of mutation {unknown}


   Skills:
 * Level 4.6 Fighting
 * Level 4.8 Axes
 * Level 3.0 Armour
 + Level 2.4 Dodging
 + Level 0.3 Stealth


You had 3 spell levels left.
You didn't know any spells.
Your spell library was empty.

Dungeon Overview and Level Annotations

Branches:
Dungeon (2/15)

Altars:
Vehumet


Innate Abilities, Weirdness & Mutations

You have a pair of horns on your head.
You reflexively headbutt those who attack you in melee.


Message History

You slash the gnoll!
You kill the gnoll!
Trog accepts your kill.
You hit the gnoll.
The gnoll hits you from afar with a +0 spear!
You slash the gnoll!
The gnoll is almost dead.
You hit the gnoll. The gnoll barely misses you.
The gnoll hits you from afar with a +0 spear.
The gnoll closely misses you.
You are too injured to fight recklessly!
You are too injured to fight recklessly!
You are too injured to fight recklessly!
You are too injured to fight recklessly!
A red film seems to cover your vision as you go berserk!
You feel yourself moving faster!
You feel mighty!
The gnoll hits you from afar with a +0 spear.
The gnoll hits you with a +1 heavy flail!
* * * LOW HITPOINT WARNING * * *
The gnoll hits you with a +0 club.
* * * LOW HITPOINT WARNING * * *
You slash the gnoll!
You kill the gnoll!
Trog accepts your kill.
You slash the gnoll!
You kill the gnoll!
Trog accepts your kill.
The gnoll hits you from afar with a +0 spear.
* * * LOW HITPOINT WARNING * * *
You have reached level 4!
You feel stronger.
You are too berserk!
You are too injured to fight recklessly!
You feel a strong urge to attack something.
You feel your anger nearly subside.
You are no longer berserk.
You are exhausted.
You feel yourself slow down. The gnoll attacks as it pursues you!
The gnoll closely misses you.
The gnoll hits you from afar with a +0 spear!
You die...

#.......##....#..##..#
#.#...#.......##.###.#####
#.#.#..##.###.##.# #.....#
..#.##....###.##.# #####.#
.##.####......##.# #.#
###.###..###..##.# #.#
#.....###......## #.#
#..#..###.####..# ###
#.###.....# #@.#
#.###.....# ##.###
###.#>..##..# #g..##
....#.#####.### ##.).#
##....# #...## #.#.#
...#### ###..# #)#.# ...#
##.##.......# ...#####
#..#.......#
.......########.#.......#


You could see a gnoll.

Vanquished Creatures
  3 adders (D:2)
  3 gnolls (D:2)
  A ribbon worm (D:2)
  2 ball pythons (D:2)
  A bat (D:1)
  2 endoplasms
  A goblin (D:1)
  4 hobgoblins
  3 jackals (D:2)
  2 frilled lizards
  A kobold (D:1)
23 creatures vanquished.

Notes
Turn   | Place    | Note
-------+----------+-------------------------------------------
     0 | D:1      | n00bmints the Minotaur Berserker began the quest for the
                  | Orb.
     0 | D:1      | Reached XP level 1. HP: 19/19 MP: 0/0
   424 | D:1      | Reached XP level 2. HP: 27/27 MP: 1/1
   564 | D:1      | Found a faded altar of an unknown god.
   831 | D:2      | Found a radiant altar of Vehumet.
   839 | D:2      | Reached XP level 3. HP: 21/33 MP: 2/2
  1149 | D:2      | Reached XP level 4. HP: 4/41 MP: 3/3
  1154 | D:2      | Slain by a gnoll

Illustrated notes

Levels and vault maps discovered:
D:1:      mushboom_english_gardens, layout_basic,
          dilly_ecumenical_altar_fadedgnrine
D:2:      layout_rooms, basic_altar, serial_shops, shop, minmay_door_square,
          patterned_corridor

Skill      XL: |  1  2 |
---------------+-------+-----
Fighting       | 4 |  4.6
Axes           | 4 |  4.8
Armour         | 3 |  3.0
Dodging        | |  2.4
Stealth        | |  0.3

Action                     |  1- 3 |  4- 6 || total
---------------------------+-------+-------++-------
  Melee: Hand axe          |    47 |       ||    47
         Headbutt          |     6 |       ||     6
 Invoke: Berserk           |     1 |       ||     1
 Armour: Animal skin       |    27 |     1 ||    28
  Dodge: Dodged            |    50 |     1 ||    51
